AoeStats
← TikiRat420

Arabia

506985537Analyzed
2v2 RM · 15d ago on Sep 16, 2026· 83m 16s· 4 players
Game mode
Random Map
Map size
Medium (4 player)
Population
200
Speed
Normal
Resources
Standard
Victory
Conquest
Starting age
Dark Age
Ending age
Imperial Age
RankedLock teamsTeams togetherTeam positionsShared explorationLock speedFull tech treeHidden civsTurbo modeCheats
Victory
Defeat
🇺🇸 Ethiopians · United States
1136
+14
🇺🇸 Franks · United States
1135
+14
🇺🇸 Hindustanis · United States
1132
-15
🇺🇸 Magyars · United States
1070
-13
TikiRat420
7:17 Loom
11:21 Feudal Age
14:13 Double-Bit Axe
26:15 Castle Age
26:04 Bloodlines
26:24 Light Cavalry
32:17 Scale Barding Armor
35:42 Chain Barding Armor
37:04 Elite Skirmisher
41:34 Padded Archer Armor
41:25 Fletching
47:03 Leather Archer Armor
46:43 Bodkin Arrow
51:49 Gold Mining
54:13 Ballistics
57:41 Imperial Age
55:51 Wheelbarrow
58:47 Cavalier
65:15 Ring Archer Armor
74:06 Horse Collar
FreakyZ
3:42 Loom
10:06 Feudal Age
11:55 Double-Bit Axe
20:34 Castle Age
19:39 Bloodlines
19:29 Horse Collar
19:43 Gold Mining
21:41 Bow Saw
21:33 Heavy Plow
22:13 Forging
23:20 Scale Barding Armor
25:16 Iron Casting
26:25 Fletching
27:29 Gold Shaft Mining
27:48 Husbandry
27:51 Bodkin Arrow
28:36 Wheelbarrow
30:20 Town Watch
31:47 Padded Archer Armor
32:57 Hand Cart
35:44 Chain Barding Armor
40:26 Imperial Age
39:23 Leather Archer Armor
40:27 Thumb Ring
42:16 Plate Barding Armor
41:17 Heavy Camel Rider
43:13 Ballistics
43:54 Chemistry
44:30 Conscription
44:46 Imperial Camel Rider
47:00 Bracer
48:42 Heavy Cavalry Archer
52:15 Town Patrol
53:39 Blast Furnace
53:10 Ring Archer Armor
55:42 Hoardings
56:33 Elite Skirmisher
56:37 Light Cavalry
58:20 Hussar
62:50 Two-Man Saw
TheJpawn2
6:20 Loom
12:02 Feudal Age
16:09 Castle Age
14:05 Fletching
14:56 Horse Collar
22:46 Double-Bit Axe
24:29 Gold Mining
27:46 Wheelbarrow
26:44 Crossbowman
27:40 Padded Archer Armor
29:48 Bow Saw
30:25 Ballistics
31:06 Bodkin Arrow
32:11 Leather Archer Armor
33:03 Hand Cart
32:18 Elite Skirmisher
37:07 Town Watch
37:59 Heavy Plow
39:04 Masonry
44:09 Imperial Age
43:22 Thumb Ring
44:26 Masonry
45:00 Forging
45:58 Conscription
45:10 Arbalester
46:19 Bracer
46:50 Ring Archer Armor
49:27 Scale Mail Armor
50:03 Iron Casting
50:31 Gold Shaft Mining
50:05 Squires
50:05 Halberdier
53:16 Two-Man Saw
53:31 Blast Furnace
52:54 Chain Mail Armor
55:47 Coinage
58:55 Elite Shotel Warrior
70:56 Plate Mail Armor
70:29 Town Patrol
72:07 Royal Heirs
74:31 Banking
75:25 Chemistry
78:49 Caravan
The Imperial Age
5:27 Loom
10:06 Feudal Age
18:06 Castle Age
20:17 Double-Bit Axe
22:07 Forging
25:13 Iron Casting
33:17 Husbandry
33:42 Scale Barding Armor
35:41 Wheelbarrow
37:36 Hand Cart
37:53 Light Cavalry
45:29 Imperial Age
43:39 Bow Saw
45:06 Pikeman
45:35 Cavalier
47:49 Conscription
57:22 Halberdier
58:47 Elite Throwing Axeman
59:54 #83
59:55 Town Watch
60:56 Squires
64:21 Ballistics
75:55 Scale Mail Armor
81:33 Chain Mail Armor
83:57 Blast Furnace
Connection lost

Rejoining the realm…

Still unreachable

The connection could not be restored.

Session expired

The server has moved on; the page needs a fresh start.